 Dungeon Crawl Stone Soup version 0.19.0-23-gf02e663 (webtiles) character file.

5761 Gargoyl the Schismatic (level 10, -4/77 HPs)
             Began as a Demonspawn Abyssal Knight on Nov 19, 2016.
             Was an Elder of Lugonu.
             Slain by a troll (10 damage)
             ... on level 10 of the Dungeon.
             The game lasted 00:22:16 (11448 turns).

Gargoyl the Schismatic (Demonspawn Abyssal Knight) Turns: 11448, Time: 00:22:17

Health: -4/77      AC: 18    Str: 26    XL:     10   Next: 49%
Magic:  16/16      EV: 10    Int: 13    God:    Lugonu [****..]
Gold:   429        SH:  2    Dex: 14    Spells: 0 memorised, 9 levels left

rFire  + . .     SeeInvis .     g - +0 war axe
rCold  . . .     Gourm    .     e - +1 plate armour
rNeg   . . .     Faith    .     (no shield)
rPois  .         Spirit   .     (helmet unavailable)
rElec  +         Reflect  +     k - +1 cloak
rCorr  .         Harm     .     m - +0 pair of gloves
MR     .....                    (no boots)
Stlth  ..........               h - +2 amulet of reflection
                                D - +4 ring of strength
                                f - +5 ring of strength

@: drained
A: claws 1, fangs 1, horns 3, repulsion field 2, fire resistance 1, electricity
resistance, strong 1, rot immunity
a: Depart the Abyss, Bend Space, Banish, Corrupt, Renounce Religion


You were on level 10 of the Dungeon.
You worshipped Lugonu.
Lugonu was greatly pleased with you.
You were not hungry.

You visited 1 branch of the dungeon, and saw 10 of its levels.
You visited the Abyss 1 time.

You collected 429 gold pieces.

Inventory:

Hand Weapons
 g - a +0 war axe (weapon)
 v - a +2 hand axe
 x - a +0 hand axe of flaming
 z - a +3 spear
 F - the +8 spear of Impatience {pierce, rElec MR+ Str-3 Int+3, unknown}
   (You found it on level 9 of the Dungeon)

   It inflicts extra damage upon your enemies.
   It affects your strength (-3).
   It affects your intelligence (+3).
   It insulates you from electricity.
   It affects your resistance to hostile enchantments.
Missiles
 w - 7 javelins (quivered)
Armour
 e - a +1 plate armour (worn)
 k - a +1 cloak (worn)
 m - a +0 pair of gloves (worn)
Jewellery
 f - a +5 ring of strength (left hand)
 h - a +2 amulet of reflection (around neck)
 p - an uncursed ring of poison resistance
 y - an uncursed ring of resist corrosion
 D - a +4 ring of strength (right hand)
 I - an uncursed ring of wizardry {unknown}
Wands
 a - a wand of flame (43/48)
 H - a wand of paralysis (7/24)
Scrolls
 d - a scroll of amnesia
 s - 2 scrolls of teleportation
 A - a scroll of remove curse
 G - a scroll of blinking
Potions
 l - a potion of degeneration
 n - a potion of might {unknown}
 q - a potion of flight {unknown}
 r - a potion of haste
 t - a potion of curing
 u - a potion of ambrosia
 C - a potion of lignification {unknown}
Books
 E - a book of Frost

   Spells                             Type                      Level
   a - Freeze                         Ice                          1
   b - Throw Frost                    Conjuration/Ice              2
   c - Ozocubu's Armour               Charms/Ice                   3
   d - Throw Icicle                   Conjuration/Ice              4
   e - Summon Ice Beast               Ice/Summoning                4
Comestibles
 b - a meat ration
 c - 7 bread rations
 i - 3 slices of pizza
 j - a beef jerky
 o - a royal jelly


   Skills:
 + Level 6.5(6.0) Fighting
 + Level 8.8(8.3) Axes
 * Level 8.7(8.2) Armour
 - Level 0.8(0.4) Dodging
 * Level 9.2(8.7) Invocations


You had 9 spell levels left.
You didn't know any spells.

Dungeon Overview and Level Annotations

Branches:
Dungeon (10/15)               Orc (0/2) D:9
 Temple: D:4-7         Lair: D:8-11

Altars:
Jiyva

Annotations:
D:3 Gargoyl's ghost, amateur DsAK
D:9 Grum


Innate Abilities, Weirdness & Mutations

You have a pair of large horns on your head.
You are surrounded by a moderate repulsion field. (EV +3)
You are immune to rotting.
You have sharp fingernails.
You have very sharp teeth.
Your flesh is heat resistant. (rF+)
You are resistant to electric shocks. (rElec)
Your muscles are strong. (Str +2)


Message History

The troll claws you but does no damage.
You barely miss the troll. You headbutt the troll!
The troll is almost dead.
The troll bites you.
* * * LOW HITPOINT WARNING * * *
You block the troll's attack. The troll claws you but does no damage.
The troll bites you!
* * * LOW HITPOINT WARNING * * *
The troll claws you.
* * * LOW HITPOINT WARNING * * *
The troll claws you but does no damage.
You hit the troll. Your headbutt misses the troll. Your bite misses the troll.
The troll is almost dead.
The troll bites you but does no damage. You block the troll's attack.
The troll claws you.
* * * LOW HITPOINT WARNING * * *
You feel better. The troll bites you!
* * * LOW HITPOINT WARNING * * *
The troll claws you but does no damage. The troll claws you!
You die...

....###...# ...#..#...#
.....# ..........##
.....## .......#...#
....... .......#.#.#
###....... ......###.###
#......... ...).#..##..#
#.........
...))..##..####<........
...)......#..##.@T......
#..).........#.#...(....
#..........)....#.......
........................
###.....................
......................
......................
.#.....................
...#............#...


You could see a troll.

Vanquished Creatures
  Pikel (D:8)
  Maurice (D:9)
  Prince Ribbit (D:8)
  A hippogriff (D:8)
  Sigmund (D:2)
  A spriggan (D:7)
  Edmund (D:6)
  A steam dragon (D:10)
  2 water moccasins
  4 sky beasts
  A phantom (D:6)
  An orc warrior (D:10)
  2 ogres
  A necrophage (D:8)
  4 centaurs
  A wolf (D:9)
  A big kobold (D:8)
  5 bullfrogs
  A wyvern zombie (D:10)
  3 scorpions
  2 killer bees (D:7)
  16 wights
  A howler monkey (D:8)
  A bullfrog zombie (D:10)
  2 crimson imps
  A centaur zombie (D:5)
  9 jellies
  A hound (D:7)
  3 orc priests
  4 orc wizards
  2 centaur skeletons
  2 iguanas
  7 worker ants
  A killer bee zombie (D:7)
  4 gnolls
  12 adders
  An adder zombie (D:6)
  3 worms
  5 leopard geckos
  25 orcs
  A bat (D:2)
  6 giant cockroaches
  7 goblins
  9 hobgoblins
  15 jackals
  A quokka (D:5)
  A ball python (D:2)
  6 frilled lizards
  A jackal skeleton (D:5)
  7 kobolds
  A leopard gecko skeleton (D:5)
  9 rats
200 creatures vanquished.

Vanquished Creatures (others)
  2 killer bees (D:7)
  An adder skeleton (D:8)
3 creatures vanquished.

Grand Total: 203 creatures vanquished

Notes
Turn   | Place    | Note
-------+----------+-------------------------------------------
     0 | Abyss:1  | Gargoyl the Demonspawn Abyssal Knight began the quest for the Orb.
     0 | Abyss:1  | Reached XP level 1. HP: 18/18 MP: 2/2
    52 | Abyss:1  | Found a hide-covered altar of Uskayaw.
   203 | Abyss:1  | Noticed a spatial vortex
   224 | Abyss:2  | Found a corrupted altar of Lugonu.
   243 | Abyss:2  | Noticed a cacodemon
   253 | Abyss:2  | Noticed a rakshasa
   255 | D:1      | Escaped the Abyss
   731 | D:1      | Gained mutation: You have a pair of small horns on your head. [demonic ancestry]
   731 | D:1      | Reached XP level 2. HP: 17/24 MP: 3/3
  1480 | D:1      | Reached * piety under Lugonu
  1844 | D:2      | Noticed Sigmund
  2099 | D:2      | Gained mutation: You are surrounded by a mild repulsion field. (EV +2) [demonic ancestry]
  2099 | D:2      | Reached XP level 3. HP: 29/29 MP: 3/5
  2742 | D:3      | Reached XP level 4. HP: 31/35 MP: 6/6
  2754 | D:3      | Reached skill level 3 in Invocations
  3479 | D:3      | Noticed Gargoyl's ghost (amateur DsAK)
  3884 | D:3      | Gained mutation: You have a pair of horns on your head. [demonic ancestry]
  3884 | D:3      | Reached XP level 5. HP: 19/41 MP: 7/7
  4153 | D:3      | Reached ** piety under Lugonu
  4225 | D:2      | Killed Sigmund
  4225 | D:2      | Reached XP level 6. HP: 28/48 MP: 8/8
  4585 | D:5      | Entered Level 5 of the Dungeon
  4910 | D:5      | Noticed a sky beast
  4933 | D:5      | Killed a sky beast
  4933 | D:5      | Reached skill level 4 in Invocations
  4940 | D:5      | Gained mutation: You have sharp fingernails. [mutagenic meat]
  4941 | D:5      | Gained mutation: You are resistant to electric shocks. (rElec) [mutagenic meat]
  4942 | D:5      | Gained mutation: Your flesh is heat resistant. (rF+) [mutagenic meat]
  4943 | D:5      | Gained mutation: You have very sharp teeth. [mutagenic meat]
  4944 | D:5      | Gained mutation: Your muscles are strong. (Str +2) [mutagenic meat]
  5300 | D:5      | Gained mutation: You have a pair of large horns on your head. [demonic ancestry]
  5300 | D:5      | Reached XP level 7. HP: 54/54 MP: 10/10
  5312 | D:5      | Reached skill level 5 in Armour
  6131 | D:6      | Reached skill level 5 in Invocations
  6144 | D:6      | Gained mutation: You are immune to rotting. [demonic ancestry]
  6144 | D:6      | Reached XP level 8. HP: 50/61 MP: 11/11
  6426 | D:6      | Reached skill level 5 in Axes
  6443 | D:6      | Noticed Edmund
  6471 | D:6      | Killed Edmund
  7179 | D:6      | Reached *** piety under Lugonu
  7238 | D:6      | Reached skill level 6 in Invocations
  7462 | D:7      | Reached skill level 5 in Fighting
  7822 | D:7      | Reached XP level 9. HP: 68/68 MP: 13/13
  7878 | D:7      | Reached **** piety under Lugonu
  8559 | D:7      | Reached skill level 7 in Invocations
  9177 | D:8      | Noticed Pikel
  9191 | D:8      | Killed Pikel
  9191 | D:8      | Reached skill level 8 in Invocations
  9727 | D:8      | Gained mutation: You are surrounded by a moderate repulsion field. (EV +3) [demonic ancestry]
  9727 | D:8      | Reached XP level 10. HP: 70/76 MP: 16/16
 10004 | D:8      | Noticed Prince Ribbit
 10021 | D:8      | Killed Prince Ribbit
 10218 | D:9      | Got an iridescent spear
 10250 | D:9      | Found a staircase to the Orcish Mines.
 10604 | D:9      | Found a viscous altar of Jiyva.
 10629 | D:9      | Noticed Grum
 10742 | D:9      | Noticed Maurice
 10755 | D:9      | Killed Maurice
 10880 | D:10     | Entered Level 10 of the Dungeon
 11051 | D:10     | Reached skill level 9 in Invocations
 11448 | D:10     | Slain by a troll

Skill      XL: |  1  2  3  4  5  6  7  8  9 10 |
---------------+-------------------------------+-----
Armour         | 2 3 4 5 6 8 |  8.7
Axes           | 2 3 4 6 7 8 |  8.8
Invocations    | 3 4 5 6 8 9 |  9.2
Fighting       | 4 5 6 |  6.5
Dodging        | |  0.8

Action                   |  1- 3 |  4- 6 |  7- 9 | 10-12 || total
-------------------------+-------+-------+-------+-------++-------
Melee: Hand axe          |   118 |   136 |       |       ||   254
       Headbutt          |    13 |    26 |    79 |    36 ||   154
       War axe           |       |    24 |   365 |   129 ||   518
       Bite              |       |       |    49 |    13 ||    62
Invok: Depart the Abyss  |     1 |       |       |       ||     1
       Banish            |       |       |     3 |       ||     3
  Use: Scroll            |       |     4 |     9 |     3 ||    16
       Potion            |       |       |     3 |     1 ||     4
  Eat: Chunk             |     5 |    11 |    10 |     5 ||    31
       Bread ration      |       |     1 |     1 |       ||     2
Armor: Plate armour      |   102 |   124 |   306 |    97 ||   629
Dodge: Dodged            |    37 |    61 |   231 |    82 ||   411
Block: Other             |       |    12 |    36 |    17 ||    65
       Reflection        |       |     1 |     2 |       ||     3
